 Dungeon Crawl Stone Soup version 0.20.1-1-g8b1a95d (webtiles) character file.

54 Mesmaeker13 the Sneak (level 3, 0/18 HPs)
             Began as a Vine Stalker Assassin on July 11, 2017.
             Succumbed to an adder's poison
             ... on level 3 of the Dungeon.
             The game lasted 00:02:16 (1756 turns).

Mesmaeker13 the Sneak (Vine Stalker Assassin)       Turns: 1756, Time: 00:02:17

Health: 0/18       AC:  3    Str: 13    XL:     3   Next: 91%
Magic:  4/4        EV: 12    Int: 11    God:
Gold:   78         SH:  0    Dex: 16    Spells: 2/2 levels left

rFire    . . .     SeeInvis .   a - +2 dagger
rCold    . . .     Gourm    .   (no shield)
rNeg     . . .     Faith    .   c - +0 robe
rPois    .         Spirit   +   (helmet restricted)
rElec    .         Reflect  .   d - +0 cloak
rCorr    .         Harm     .   (no gloves)
MR       .....     Rnd*Rage +   (no boots)
Stlth    +++.......             (no amulet)
Regen    0.1/turn               (no ring)
MPRegen  0.1/turn               (no ring)

@: lethally poisoned (0 -> -1), flying
A: fangs 2, horns 1, berserk 1, mutation resistance 1, magic shield, antimagic
bite, no potion heal 3, rot immunity
a: no special abilities


You were on level 3 of the Dungeon.
You were not hungry.

You visited 1 branch of the dungeon, and saw 3 of its levels.

You collected 78 gold pieces.

Inventory:

Hand Weapons
 a - a +2 dagger (weapon)
 b - a +0 blowgun
Missiles
 e - 23 poisoned needles
 f - 2 curare-tipped needles
 l - 8 javelins (quivered)
 p - 22 sling bullets
Armour
 c - a +0 robe (worn)
 d - a +0 cloak (worn)
Scrolls
 i - 2 scrolls of blinking {unknown}
 m - a scroll of enchant armour {unknown}
 o - a scroll of identify {unknown}
Comestibles
 h - a royal jelly
 n - a meat ration


   Skills:
 - Level 1.7 Fighting
 + Level 2.3 Short Blades
 + Level 2.4 Throwing
 + Level 1.7 Dodging
 + Level 5.1 Stealth


You had 2 spell levels left.
You didn't know any spells.

Dungeon Overview and Level Annotations

Branches:
Dungeon (3/15)

Altars:
Dithmenos
Hepliaklqana
Okawaru


Innate Abilities, Weirdness & Mutations

You have extremely sharp teeth.
When hurt, damage is shared between your health and your magic reserves.
Your bite disrupts and absorbs the magic of your enemies.
Potions cannot restore your health.
You are immune to rotting.
You have a pair of small horns on your head.
You tend to lose your temper in combat.
You are somewhat resistant to further mutation.


Message History

There is a lethal amount of poison in your body!
It was a potion of flight.
You feel very buoyant.
You fly up into the air.
* * * LOW HITPOINT WARNING * * *
You feel sick.
It was a potion of mutation.
You feel extremely strange.
You feel genetically stable.
You feel a little pissed off. A pair of horns grows on your head!
There is a lethal amount of poison in your body!
There is a lethal amount of poison in your body!
There is a lethal amount of poison in your body!
There is a lethal amount of poison in your body!
* * * LOW HITPOINT WARNING * * *
You feel sick.
* * * LOW HITPOINT WARNING * * *
You feel sick.
Unknown command.
Unknown command.
You die...

### ...... ......
......
......###########
...............#
............<..#
#..........#
##.@#########
#..## ### ###.##
##... #.).#
......#.####...
..........<..#
#.#...#.######
#........
.........!


There were no monsters in sight!

Vanquished Creatures
  An adder (D:3)
  An ooze (D:2)
  2 worms (D:2)
  A dart slug (D:2)
  A leopard gecko (D:1)
  A ball python (D:2)
  2 giant cockroaches (D:2)
  2 goblins
  5 hobgoblins
  A quokka (D:2)
  8 bats
  3 frilled lizards
  3 kobolds
  5 rats
36 creatures vanquished.

Notes
Turn   | Place    | Note
-------+----------+-------------------------------------------
     0 | D:1      | Mesmaeker13 the Vine Stalker Assassin began the quest for the Orb.
     0 | D:1      | Reached XP level 1. HP: 11/11 MP: 2/2
   385 | D:1      | Reached skill level 1 in Dodging
   417 | D:1      | Reached XP level 2. HP: 15/15 MP: 3/3
   723 | D:2      | Found a shadowy altar of Dithmenos.
   730 | D:2      | Found an iron altar of Okawaru.
   933 | D:2      | Reached XP level 3. HP: 6/18 MP: 4/4
  1307 | D:2      | Reached skill level 5 in Stealth
  1495 | D:2      | Found a hazy altar of Hepliaklqana.
  1745 | D:3      | Gained mutation: You are somewhat resistant to further mutation. [potion of mutation]
  1745 | D:3      | Gained mutation: You tend to lose your temper in combat. [potion of mutation]
  1745 | D:3      | Gained mutation: You have a pair of small horns on your head. [potion of mutation]
  1756 | D:3      | Succumbed to an adder's poison

Skill      XL: |  1  2  3 |
---------------+----------+-----
Dodging        | 1 |  1.7
Throwing       | 2 |  2.4
Short Blades   | 2 |  2.3
Stealth        | 5 |  5.1
Fighting       | |  1.7

Action                   || total
-------------------------++-------
Melee: Dagger            ||    80
       Bite              ||    19
 Fire: Blowgun           ||     4
  Use: Potion            ||     2
 Stab: Sleeping          ||    13
  Eat: Chunk             ||     2
       Bread ration      ||     1
Armor: Robe              ||    18
Dodge: Dodged            ||    43
